Map: Oxide LE

Players

ShoWTimE - Winner!

  • Race: Protoss Protoss

Serral

  • Race: Zerg Zerg

Event: DreamHack SC2 Masters 2021 Winter

VOD

Have the link to the VOD?

Description

Time

  • Played on: Oct. 10, 2021, 11:03 a.m.
  • Length: 11:59

All games in this series

Show
View Real Time Build Order
Export as new Build Order

ShoWTimE Protoss - Winner!

Build Orders: 1 Gate Expand, Archon Immortal 

Get SALT Encoding   

  12  0:00  Probe  
  13  0:12  Probe  
  14  0:19  Pylon  
  14  0:24  Probe  
  15  0:37  Probe (Chrono Boost)  
  15  0:39  Gateway  
  16  0:46  Probe (Chrono Boost)  
  16  0:48  Assimilator  
  17  0:51  Probe (Chrono Boost)  
  18  1:03  Probe  
  19  1:15  Probe  
  20  1:26  Nexus  
  20  1:35  Cybernetics Core  
  20  1:38  Probe  
  21  1:44  Assimilator  
  21  1:51  Probe  
  22  1:54  Pylon  
  22  2:03  Probe (Chrono Boost)  
  23  2:12  Adept  
  23  2:15  Probe (Chrono Boost)  
  26  2:17  Stargate  
  26  2:22  Probe (Chrono Boost)  
  27  2:31  Probe (Chrono Boost)  
  28  2:38  Probe (Chrono Boost)  
  28  2:43  Adept  
  32  2:47  Probe x2 (Chrono Boost)  
  32  2:49  Protoss Air Weapons Level 1  
  33  2:52  Probe (Chrono Boost)  
  33  2:53  Probe  
  33  2:58  Void Ray (Chrono Boost)  
  35  3:04  Probe  
  36  3:05  Probe  
  36  3:09  Pylon  
  41  3:16  Probe  
  41  3:17  Probe  
  43  3:20  Gateway  
  43  3:27  Void Ray (Chrono Boost)  
  43  3:28  Probe  
  43  3:30  Probe  
  45  3:40  Probe  
  50  3:42  Probe  
  51  3:50  Nexus  
  51  3:54  Pylon  
  51  3:56  Probe  
  51  3:58  Probe  
  51  4:00  Assimilator  
  53  4:04  Assimilator  
  53  4:09  Probe, Stargate  
  54  4:12  Probe  
  54  4:15  Pylon  
  55  4:21  Phoenix  
  55  4:23  Probe  
  58  4:24  Probe  
  58  4:31  Forge  
  59  4:35  Probe  
  59  4:36  Probe  
  61  4:45  Warp Gate  
  61  4:47  Probe  
  61  4:48  Probe  
  61  4:49  Pylon  
  63  4:53  Phoenix x2 (Chrono Boost)  
  63  4:59  Probe, Shield Battery  
  68  5:00  Probe  
  68  5:03  Probe  
  68  5:04  Shield Battery  
  70  5:11  Probe, Phoenix x2 (Chrono Boost)  
  70  5:12  Probe  
  76  5:16  Probe  
  76  5:18  Photon Cannon  
  77  5:23  Probe  
  77  5:25  Probe  
  79  5:31  Phoenix x2 (Chrono Boost)  
  79  5:34  Probe  
  84  5:35  Probe, Pylon  
  84  5:40  Assimilator  
  84  5:41  Probe  
  86  5:45  Assimilator  
  86  5:46  Probe  
  86  5:48  Robotics Facility, Probe  
  88  5:53  Probe  
  89  5:58  Probe  
  89  6:00  Probe  
  89  6:01  Robotics Facility  
  91  6:04  Protoss Ground Weapons Level 1  
  91  6:05  Probe  
  91  6:09  Twilight Council  
  92  6:14  Photon Cannon  
  92  6:16  Photon Cannon  
  92  6:17  Shield Battery  
  90  6:19  Photon Cannon  
  90  6:20  Probe, Shield Battery  
  90  6:24  Pylon  
  91  6:33  Immortal (Chrono Boost)  
  91  6:34  Photon Cannon  
  91  6:35  Pylon  
  95  6:40  Pylon  
  95  6:45  Gateway x2  
  95  6:49  Photon Cannon  
  95  6:51  Shield Battery  
  95  6:52  Pylon  
  95  6:56  Sentry x2  
  95  7:00  Shield Battery  
  103  7:01  Immortal (Chrono Boost)  
  103  7:02  Pylon  
  103  7:05  Shield Battery  
  103  7:08  Pylon  
  103  7:13  Immortal  
  107  7:22  Zealot x2  
  109  7:34  Immortal (Chrono Boost)  
  109  7:35  Gateway  
  109  7:36  Gateway  
  105  7:42  Stalker x3  
  105  7:43  Charge (Chrono Boost)  
  109  7:49  Immortal (Chrono Boost)  
  109  7:50  Zealot  
  109  7:51  Shield Battery  
  109  7:56  Templar Archives  
  113  7:59  Gateway  
  113  8:02  Gateway  
  113  8:04  Pylon  
  113  8:08  Immortal (Chrono Boost)  
  113  8:10  Zealot  
  119  8:19  Protoss Ground Weapons Level 2 (Chrono Boost)  
  113  8:20  Immortal (Chrono Boost)  
  113  8:27  Zealot x2  
  113  8:31  Zealot x3  
  123  8:39  Warp Prism  
  125  8:44  Pylon  
  125  8:47  Pylon  
  125  8:51  High Templar x2  
  125  8:52  High Templar x3  
  135  8:56  Archon x2  
  135  8:59  High Templar  
  135  9:01  Zealot x2  
  141  9:03  Archon  
  141  9:05  Pylon  
  141  9:08  Pylon  
  141  9:15  Immortal (Chrono Boost)  
  142  9:18  Observer (Chrono Boost)  
  146  9:27  High Templar x4  
  146  9:28  Zealot x3  
  159  9:31  Archon, Pylon  
  159  9:32  Archon, Pylon  
  159  9:38  Pylon  
  159  9:39  Pylon  
  159  9:46  Pylon  
  159  9:55  Stalker x4  
  159  9:59  Stalker  
  166  10:00  Stalker x3  
  168  10:16  Pylon  
  168  10:18  Zealot x4  
  171  10:23  Zealot x4  
  180  10:28  Observer  
  180  10:29  Pylon  
  176  10:40  Probe x2  
  166  10:47  High Templar x3  
  166  10:48  Zealot x3, High Templar  
  166  10:49  Zealot  
  174  10:50  Probe  
  174  10:52  Archon x2  
  169  11:12  Zealot  
  169  11:13  Zealot x3  
  175  11:21  Zealot x4  
  176  11:35  Zealot x4  
  174  11:42  Pylon  
  174  11:44  Zealot x4  
Show
View Real Time Build Order
Export as new Build Order

Serral Zerg 

Build Orders: Hatch First 

Get SALT Encoding   

  12  0:00  Drone  
  13  0:12  Overlord  
  13  0:16  Drone  
  14  0:30  Drone  
  14  0:31  Drone  
  17  0:42  Drone  
  17  0:52  Hatchery  
  17  0:54  Drone  
  17  0:57  Drone  
  18  1:09  Extractor  
  17  1:12  Spawning Pool  
  17  1:15  Drone  
  17  1:19  Drone  
  18  1:29  Drone  
  19  1:40  Drone  
  20  1:49  Overlord  
  20  1:59  Queen  
  22  2:04  Zergling x4, Queen  
  26  2:11  Drone  
  26  2:12  Metabolic Boost  
  26  2:14  Drone  
  28  2:21  Drone  
  29  2:26  Drone  
  30  2:39  Queen  
  30  2:43  Hatchery  
  31  2:46  Drone  
  31  2:47  Drone  
  33  2:52  Overlord  
  33  2:56  Drone x2  
  33  2:58  Drone  
  36  3:04  Overlord  
  36  3:11  Drone  
  36  3:12  Drone x3  
  40  3:14  Drone  
  40  3:15  Drone  
  42  3:21  Drone  
  42  3:22  Overlord  
  42  3:26  Queen  
  45  3:32  Queen  
  47  3:34  Drone  
  47  3:35  Drone  
  47  3:39  Overlord  
  49  3:43  Zergling x2  
  49  3:44  Zergling x2  
  49  3:45  Zergling x2  
  52  3:51  Spore Crawler  
  52  3:52  Spore Crawler  
  52  3:54  Drone x3  
  52  3:56  Drone  
  52  3:58  Drone  
  52  3:59  Drone  
  52  4:02  Drone x2  
  57  4:07  Drone  
  58  4:10  Overlord  
  58  4:12  Drone x2  
  58  4:16  Zergling x2  
  61  4:17  Overlord  
  61  4:18  Drone  
  61  4:19  Drone  
  61  4:22  Overlord  
  63  4:25  Drone x2  
  63  4:29  Zergling x2  
  66  4:33  Queen  
  66  4:36  Roach Warren, Drone  
  66  4:37  Drone x2  
  70  4:41  Spore Crawler  
  70  4:43  Extractor  
  70  4:45  Lair  
  68  4:46  Drone x2  
  68  4:50  Zergling x4  
  68  4:52  Drone x2  
  74  4:53  Extractor  
  74  4:55  Overlord  
  74  4:56  Drone  
  74  4:59  Overlord  
  73  5:02  Drone  
  73  5:04  Overlord  
  74  5:08  Queen  
  74  5:09  Drone x3  
  74  5:10  Drone  
  74  5:13  Queen  
  81  5:17  Spore Crawler  
  80  5:23  Spore Crawler  
  80  5:24  Extractor, Overlord  
  80  5:26  Overlord  
  78  5:32  Drone x2  
  78  5:33  Extractor  
  78  5:34  Overlord  
  78  5:35  Zergling x8  
  83  5:42  Queen  
  83  5:44  Burrow  
  83  5:45  Nydus Network  
  83  5:49  Roach x4  
  93  5:50  Nydus Network  
  93  5:54  Queen  
  92  5:59  Roach x3  
  92  6:04  Overlord  
  98  6:08  Roach x3  
  104  6:17  Overlord, Overseer  
  103  6:19  Queen  
  105  6:29  Nydus Canal  
  105  6:30  Overlord, Queen  
  107  6:34  Zergling x10  
  110  6:42  Spore Crawler  
  109  6:48  Zergling x16  
  118  6:54  Ravager x7  
  118  6:55  Queen  
  118  6:57  Nydus Canal  
  118  6:59  Queen  
  129  7:02  Zergling x8  
  129  7:07  Ravager  
  126  7:24  Nydus Canal  
  126  7:25  Zergling x16  
  126  7:29  Ravager x2  
  123  7:33  Zergling x8  
  123  7:34  Queen x2  
  123  7:40  Spire  
  123  7:43  Extractor  
  118  7:52  Zergling x10  
  118  7:57  Glial Reconstitution  
  120  8:03  Drone x3  
  123  8:06  Drone  
  123  8:07  Drone  
  123  8:08  Drone  
  123  8:10  Nydus Canal  
  123  8:11  Drone  
  123  8:12  Drone x5  
  123  8:37  Hatchery  
  123  8:39  Zergling x16  
  127  8:52  Evolution Chamber  
  126  9:03  Mutalisk x10  
  146  9:13  Overlord x4  
  146  9:14  Overlord  
  146  9:18  Overlord  
  146  9:27  Overlord  
  146  9:30  Zerg Missile Weapons Level 1  
  146  9:32  Roach  
  146  9:33  Roach x5  
  146  9:35  Roach  
  146  9:36  Roach  
  160  9:39  Roach  
  160  9:40  Roach  
  160  9:44  Roach x2  
  165  9:48  Roach x2  
  167  9:53  Ravager x2  
  167  9:54  Ravager x4  
  167  9:57  Roach x3  
  179  10:05  Roach x4  
  183  10:15  Drone  
  184  10:23  Roach x4  
  184  10:27  Hatchery  
  181  10:38  Roach x9  
  181  10:48  Roach x5  
  188  10:54  Roach x3  
  188  11:04  Roach x4  
  192  11:10  Roach  
  192  11:14  Overlord x2, Ravager  
  188  11:20  Roach x3  
  186  11:37  Roach x6  
  186  11:38  Roach x10  
  134  11:52  Ravager x9  

Tags
 
Add a new tag
Caveats
  • Supply blocks, unpowered buildings, or Contaminate may cause inaccurate times.
  • Supply counts are checked every 10 seconds.